 Dungeon Crawl Stone Soup version 0.26.1-11-gd32895ea62 (webtiles) character file.

Game seed: 5431877829228962385

196 Arcadio the Grasshopper (level 5, -2/43 HPs)
             Began as a Palentonga Warper on May 18, 2021.
             Slain by a lemure (9 damage)
             ... led by Pikel
             ... on level 3 of the Dungeon.
             The game lasted 00:07:54 (3737 turns).

Arcadio the Grasshopper (Palentonga Warper)         Turns: 3737, Time: 00:07:55

Health: -2/43      AC:  4    Str: 15    XL:     5   Next: 46%
Magic:  8/8        EV: 14    Int: 14    God:
Gold:   184        SH:  0    Dex:  9    Spells: 0/8 levels left

rFire    . . .     SeeInvis +   a - +0 short sword
rCold    . . .     Faith    .   (no shield)
rNeg     . . .     Spirit   .   b - +0 leather armour
rPois    .         Reflect  .   (no helmet)
rElec    .         Harm     .   (no cloak)
rCorr    +         Rampage  .   (no gloves)
Will     .....                  (no barding)
Stlth    +.........             (no amulet)
HPRegen  0.14/turn              f - +4 ring of evasion
MPRegen  0.11/turn              h - ring of resist corrosion

@: no status effects
A: large, rugged brown scales 3, see invisible, deformed body, roll 1, armoured
tail
a: Rolling Charge


You were on level 3 of the Dungeon.
You visited 1 branch of the dungeon, and saw 4 of its levels.

You collected 184 gold pieces.

Inventory:

Hand Weapons
 a - a +0 short sword (weapon)
Missiles
 e - 5 boomerangs of dispersal
Armour
 b - a +0 leather armour (worn)
 n - a +0 buckler
Jewellery
 f - a +4 ring of evasion (left hand)
 h - a ring of resist corrosion (right hand)
Wands
 u - a wand of enslavement (11)
Scrolls
 d - 3 scrolls of blinking
 g - 2 scrolls of remove curse
 i - a scroll of noise {unknown}
 j - a scroll of teleportation
 r - a scroll of magic mapping {unknown}
 s - a scroll of fear {unknown}
 t - a scroll of fog {unknown}
Potions
 k - a potion of cancellation
 l - a potion of mutation {unknown}
 m - a potion of invisibility {unknown}
 o - a potion of brilliance
 p - 3 potions of curing
 q - 3 potions of haste


   Skills:
 - Level 2.0 Fighting
 + Level 3.7 Short Blades
 - Level 0.6 Throwing
 + Level 2.2 Armour
 + Level 2.4 Dodging
 + Level 0.3 Stealth
 - Level 2.0 Spellcasting
 + Level 3.7 Translocations


You couldn't memorise any spells.
You knew the following spells:

 Your Spells              Type           Power        Failure   Level
a - Blink                 Tloc           N/A          10%         2
b - Gell's Gravitas       Tloc           5%           19%         3
c - Lesser Beckoning      Tloc           5%           19%         3

Your spell library contained the following spells:

 Spells                   Type           Power        Failure   Level
 Teleport Other           Tloc           11%          19%         3
 Passage of Golubria      Tloc           N/A          52%         4


Dungeon Overview and Level Annotations

Branches:
Dungeon (4/15)
 Temple: D:4-7

Altars:

Annotations:
D:3 2 transporters, unihiutale's ghost, amateur HuWn
D:4 Eustachio; Pikel


Innate Abilities, Weirdness & Mutations

You are completely covered in rugged brown scales. (AC +3, +7% HP)
You have supernaturally acute eyesight. (SInv)
Armour fits poorly on your strangely shaped body.
You can roll at nearby foes to attack.
You have a long armoured tail.


Message History

You hit the lemure. You tail-slap the lemure.
The lemure is severely wounded.
The lemure hits you!
* * * LOW HITPOINT WARNING * * *
You closely miss the lemure.
The lemure is severely wounded.
The lemure barely misses you.
You barely miss the lemure.
The lemure is severely wounded.
You closely miss the lemure.
The lemure is severely wounded.
The lemure barely misses you.
You closely miss the lemure.
The lemure is severely wounded.
The lemure hits you.
* * * LOW HITPOINT WARNING * * *
Your leather armour prevents you from hitting the lemure.
The lemure is severely wounded.
The lemure hits you!
You die...

#.# #....#....# #.#
#.......[.. #.#
#....###### #.#
##.### ###.#### #.#
#......# #.# ###
#......# #.####.###
#......# #........#
#.@....# #........#
#.5....# #.......)#
#......# #.....)..#
#......###.........
#.......##.........
#.......###.#....##
#>.......##.#.#####
########..#.#.#©...
##...#÷#.#..


You could see a lemure.

Vanquished Creatures
  A bullfrog (D:3)
  6 adders
  2 oozes
  A worm (D:3)
  4 dart slugs
  2 leopard geckos
  8 orcs
  5 bats
  2 giant cockroaches
  10 goblins
  3 hobgoblins
  3 jackals (D:4)
  A kobold (D:1)
  A quokka (D:3)
  A ball python (D:4)
  A frilled lizard (D:2)
  2 rats
53 creatures vanquished.

Notes
Turn   | Place    | Note
-------+----------+-------------------------------------------
     0 | D:1      | Arcadio the Palentonga Warper began the quest for the Orb.
     0 | D:1      | Reached XP level 1. HP: 18/18 MP: 3/3
   281 | D:1      | Reached skill level 1 in Armour
   341 | D:1      | Reached XP level 2. HP: 25/25 MP: 5/5
  1200 | D:2      | Reached XP level 3. HP: 27/31 MP: 6/6
  1226 | D:2      | Learned a level 2 spell: Blink
  1230 | D:2      | Learned a level 3 spell: Gell's Gravitas
  2344 | D:2      | Reached XP level 4. HP: 38/38 MP: 7/7
  2847 | D:3      | Found a transporter.
  3131 | D:3      | Noticed unihiutale's ghost (amateur HuWn)
  3131 | D:3      | Noticed an ogre
  3132 | D:3      | Found a transporter.
  3135 | D:3      | Noticed a bullfrog
  3147 | D:3      | Killed a bullfrog
  3148 | D:3      | Reached XP level 5. HP: 19/43 MP: 8/8
  3419 | D:3      | Learned a level 3 spell: Lesser Beckoning
  3677 | D:4      | Noticed a lemure
  3679 | D:4      | Noticed a lemure
  3679 | D:4      | Noticed Pikel
  3683 | D:4      | Noticed Eustachio
  3737 | D:3      | Slain by a lemure

Illustrated notes

Levels and vault maps discovered:
D:1:      scummos_arrival_simple_fountains, layout_basic, serial_bayou_pond_a,
          chequers_serial_rivers_small_3, serial_bayou_pond_e, moated_statue,
          grunt_decor_junction, ebering_dispersal_statue_hall, minivault_25
D:2:      layout_basic
D:3:      layout_rooms, gammafunk_ghost_smash
D:4:      layout_basic, lemuel_crystal_altar, marbit_many_paths,
          minmay_temple_entry_junction, uniq_eustachio, uniq_pikel

Skill      XL: |  1  2  3  4 |
---------------+-------------+-----
Armour         | 1 2 |  2.2
Dodging        | 2 |  2.4
Short Blades   | 3 |  3.7
Fighting       | |  2.0
Throwing       | |  0.6
Stealth        | |  0.3
Spellcasting   | |  2.0
Translocations | |  3.7

Action                   |  1- 3 |  4- 6 || total
-------------------------+-------+-------++-------
Melee: Short sword       |   130 |   155 ||   285
       Tailslap          |     8 |    15 ||    23
 Abil: Rolling Charge    |     2 |     2 ||     4
  Use: Scroll            |     2 |     4 ||     6
Armor: Leather armour    |    57 |    22 ||    79
Dodge: Dodged            |    57 |    92 ||   149
